 Dungeon Sprint DCSS version 0.18.1-48-g4cf74bf (webtiles) character file.

0 kosy22 the Insei (level 1, 0/15 HPs)
             Began as a Merfolk Transmuter on Aug 19, 2016.
             Slain by Ijyb (4 damage)
             ... in the Dungeon (Sprint VI: "Thunderdome").
             The game lasted 00:01:06 (55 turns).

kosy22 the Insei (Merfolk Transmuter)                 Turns: 55, Time: 00:01:06

Health: 0/15       AC:  2    Str: 10    XL:     1   Next: 20%
Magic:  2/3        EV: 13    Int: 12    God:
Gold:   200        SH:  0    Dex: 14    Spells: 1 memorised, 3 levels left

rFire  . . .     SeeInvis .     o - +0 dagger
rCold  . . .     Gourm    .     b - +0 robe
rNeg   . . .     Faith    .     (no shield)
rPois  .         Spirit   .     (no helmet)
rElec  .         Dismiss  .     (no cloak)
rCorr  .         Reflect  .     (no gloves)
SustAt .         Harm     .     (no boots)
MR     .....     NoTele   +     (no amulet)
Stlth  +.........               (no ring)
                                (no ring)

@: appendage, not resistant to hostile enchantments, very unstealthy
A: change form in water, swift swim, horns 2
a: End Transformation


You were in the Dungeon.
You were not hungry.
You had grown temporary horns.
You visited 1 branch You collected 200 gold pieces.

Inventory:

Hand Weapons
 o - a +0 dagger (weapon)
Missiles
 a - 12 arrows
Armour
 b - a +0 robe (worn)
Wands
 k - a wand of acid (5/15)
 l - a wand of iceblast (5/15)
Scrolls
 j - 4 scrolls of blinking
 m - 3 scrolls of fog
Potions
 e - a potion of curing
 f - 3 potions of heal wounds
 g - 4 potions of haste
 h - 2 potions of magic
 i - a potion of berserk rage
 n - a potion of resistance
Books
 c - a book of Changes

   Spells                             Type                      Level
   a - Beastly Appendage              Transmutation                1
   b - Sticks to Snakes               Transmutation                2
   c - Spider Form                    Transmutation/Poison         3
   d - Ice Form                       Ice/Transmutation            4
   e - Blade Hands                    Transmutation                5
Comestibles
 d - a bread ration


   Skills:
 + Level 1.1 Fighting
 + Level 3.1 Dodging
 + Level 3.7 Unarmed Combat
 + Level 2.0 Spellcasting
 + Level 2.9 Transmutations


You had 3 spell levels left.
You knew the following spells:

 Your Spells              Type           Power        Failure   Level  Hunger
a - Beastly Appendage     Trmt           #.....       12%         1    ##.....


Dungeon Overview and Level Annotations

Branches:
Dungeon (1/1)

Altars:
Cheibriados
Fedhas
Gozag
Kikubaaqudgha
Makhleb
Okawaru
Pakellas
Ru
Trog
Vehumet
Yredelemnul
Zin
Jiyva
Lugonu

Shops:
D *[%???:(

Annotations:
D Ijyb


Innate Abilities, Weirdness & Mutations

You revert to your normal form in water.
You are very nimble and swift while swimming.
You have a pair of horns on your head.


Message History

You miss something. Your headbutt misses something.
Something hits you but does no damage.
You hit something. You headbutt something. Something hits you.
You miss something. Something hits you.
You closely miss something. You headbutt something!
Something hits you but does no damage.
You miss something. Something hits you.
You closely miss something. You headbutt something. Something hits you.
* * * LOW HITPOINT WARNING * * *
Drink which item? (? for menu, Esc to quit)
You feel much better. Something hits you.
Your horns disappear.
Found a radiant altar of Vehumet.
Casting: Beastly Appendage
Confirm with . or Enter, or press ? or * to list all spells.
You grow a pair of large bovine horns.
Something hits you. Something hits you.
* * * LOW HITPOINT WARNING * * *
Something hits you.
You die...

###.........###
#⌠...........⌠#
######.8.........8.###
##∩___......###......_.
###∩........8.# #.8......
##.............###........
#⌠..........###...###.....
#⌠..........# #.<.# .....
#⌠.......@..###...# ....
##.............###.. ....
###∩........8.# .8.. ...
##∩___......###......
######.8.........8.#
#⌠...........⌠# ###......
.### ...... _.....


There were no monsters in sight!

Vanquished Creatures
  A goblin (D)
1 creature vanquished.

Notes
Turn   | Place    | Note
--------------------------------------------------------------
     0 | D        | kosy22 the Merfolk Transmuter began the quest for the Orb.
     0 | D        | Reached XP level 1. HP: 15/15 MP: 3/3
     3 | D        | Found a bloodstained altar of Trog.
     3 | D        | Found a glowing silver altar of Zin.
     4 | D        | Found an opulent altar of Gozag.
     5 | D        | Found a viscous altar of Jiyva.
     5 | D        | Round 1.
     6 | D        | Found an iron altar of Okawaru.
     6 | D        | Found a snail-covered altar of Cheibriados.
     6 | D        | Found Mathrot's Staff Store.
     6 | D        | Found Plog's Magic Scroll Shop.
     7 | D        | Found Rokkis's Must-Have Magic.
     7 | D        | Found Fimolu's Magic Scroll Shop.
    10 | D        | Found a sacrificial altar of Ru.
    11 | D        | Found a basalt altar of Yredelemnul.
    12 | D        | Found a burning altar of Makhleb.
    13 | D        | Found Deivugh's Bee Food.
    15 | D        | Found Teny's Jewellery.
    15 | D        | Found Roaxev's Advanced Armour.
    16 | D        | Found a corrupted altar of Lugonu.
    16 | D        | Found an oddly glowing altar of Pakellas.
    16 | D        | Found an ancient bone altar of Kikubaaqudgha.
    16 | D        | Found Ytwaby's Identification Station.
    33 | D        | Noticed Ijyb
    35 | D        | Found a blossoming altar of Fedhas.
    49 | D        | Found a radiant altar of Vehumet.
    55 | D        | Slain by Ijyb

Skill      XL: |  1 |
---------------+----+-----
Dodging        | 3 |  3.1
Fighting       | |  1.1
Unarmed Combat | |  3.7
Spellcasting   | |  2.0
Transmutations | |  2.9

Action                   || total
-------------------------++-------
Melee: Dagger            ||     9
       Headbutt          ||     3
       Unarmed           ||     1
 Cast: Beastly Appendage ||     2
  Use: Potion            ||     1
Armor: Robe              ||     3
Dodge: Dodged            ||     1
